 Dungeon Crawl Stone Soup version 0.16.2-12-gd0ad4c3 (webtiles) character file.

2042 4thArraOfDagon the Cleaver (level 9, 0/118 HPs)
             Began as a Deep Dwarf Berserker on Aug 5, 2016.
             Was a Priest of Trog.
             Succumbed to a killer bee's poison
             ... on level 11 of the Dungeon.
             The game lasted 00:08:50 (1397 turns).

4thArraOfDagon the Cleaver (Deep Dwarf Berserker)   Turns: 1397, Time: 00:08:50

Health: 0/118      AC: 15    Str: 28    XL:     9   Next: 4%
Magic:  8/8        EV:  8    Int:  9    God:    Trog [***...]
Gold:   13         SH:  0    Dex: 12    Spells: 0 memorised, 8 levels left

rFire  . . .     SeeInvis .     l - -2 war axe (curse)
rCold  . . .     Clarity  .     k - +1 plate armour
rNeg   . . .     SustAb   .     (no shield)
rPois  .         Gourm    .     e - +0 helmet
rElec  .         Spirit   .     (no cloak)
rCorr  .         Warding  .     (no gloves)
rMut   .         Stasis   .     (no boots)
MR     +....                    (no amulet)
Stlth  ..........               (no ring)
                                (no ring)

@: berserking (expiring), lethally poisoned (0 -> -14), non-regenerating, very
quick, somewhat resistant to hostile enchantments, extremely unstealthy
A: damage resistance, recharge devices, sense surroundings 2, slow healing 3
a: Device Recharging, Burn Spellbooks, Berserk, Trog's Hand, Renounce Religion


You were on level 11 of the Dungeon.
You worshipped Trog.
Trog was most pleased with you.
You were very hungry.

You visited 1 branch of the dungeon, and saw 11 of its levels.
You also visited: Sewer.

You collected 13 gold pieces.

Inventory:

Hand weapons
 a - a +0 hand axe
 l - a cursed -2 war axe (weapon)
 q - the cursed -4 long sword of Schetwec {elec, rN+ SInv, unknown}
   (You found it on level 6 of the Dungeon)

   Occasionally, upon striking a foe, it will discharge some electrical energy
   and cause terrible harm.
   It protects you from negative energy.
   It enhances your eyesight.
   It has a curse placed upon it.
Armour
 b - a +0 animal skin
 e - a +0 helmet (worn)
 h - a +0 ring mail
 k - a +1 plate armour (worn)
Magical devices
 c - a wand of heal wounds (3)
 f - a wand of slowing (16)
 m - a wand of fireball (6)
 r - a wand of disintegration (6)
 w - a wand of slowing (20)
Scrolls
 i - 6 scrolls of amnesia {unknown}
 o - 2 scrolls of identify
 t - 2 scrolls of summoning {unknown}
 u - a scroll of noise {unknown}
 v - a scroll of immolation {unknown}
 x - a scroll of teleportation {unknown}
 y - a scroll of fear
Potions
 g - 2 potions of restore abilities {unknown}
 j - 2 potions of curing
 p - a potion of berserk rage {unknown}
 s - 2 potions of degeneration {unknown}
Comestibles
 d - 2 bread rations
 n - a chunk of flesh


   Skills:
 + Level 4.7 Fighting
 * Level 10.2 Axes
 + Level 7.4 Armour
 - Level 2.1 Dodging


You had 8 spell levels left.
You didn't know any spells.

Dungeon Overview and Level Annotations

Branches:
Dungeon (11/15)            Temple (0/1) D:4
   Lair: D:8-11         Orc: D:9-12

Altars:
Gozag


Innate Abilities, Weirdness & Mutations

You are resistant to damage.
You can recharge devices by infusing magical energy.
You passively map the area around you.
You do not heal naturally.


Message History

You hit the killer bee.
The killer bee is moderately wounded.
You hit the killer bee.
The killer bee is severely wounded.
* * * LOW HITPOINT WARNING * * *
You feel sick.
The killer bee stings you but does no damage.
The killer bee stings you.
You are more poisoned.
The killer bee poisons you!
You slash the killer bee!
You kill the killer bee!
Trog accepts your kill.
You closely miss the killer bee.
The killer bee is severely wounded.
* * * LOW HITPOINT WARNING * * *
You feel sick. The killer bee barely misses you.
You closely miss the killer bee.
The killer bee is severely wounded.
You die...

, ...........# *
#.......<..#,,, ,.
#..........# , ..
###+###....#,,
....*
#....#####....#* ,
, ,#..............
, ,
#..............
,#.....†††.....<.*
,,
#.....y@........ *
*
*#...............*
,,
,..........######
* ######....# * ,
#....# * * ,
#.#### , #.# * ##*
*


You could see a killer bee.

Vanquished Creatures
  Pikel (D:6)
  Grinder (D:3)
  A deep elf mage (D:9)
  2 slaves (D:6)
  3 centaurs
  2 ogres
  Duvessa (D:4)
  A giant frog (D:7)
  A scorpion (D:4)
  7 killer bees (D:11)
  A wight (D:6)
  Dowan (D:4)
  2 hounds
  An iguana (D:4)
  2 orc wizards
  Ijyb (D:7)
  Robin (D:3)
  3 river rats (D:3)
  2 adders
  3 giant mites (D:3)
  3 giant geckos
  11 orcs
  4 bats
  A bat skeleton (D:6)
  A bat zombie (D:6)
  3 giant cockroaches
  14 goblins
  6 hobgoblins
  6 jackals
  A quokka (D:3)
  A ball python (D:6)
  4 giant newts
  3 kobolds
  7 rats
102 creatures vanquished.

Notes
Turn   | Place    | Note
--------------------------------------------------------------
     0 | D:1      | 4thArraOfDagon, the Deep Dwarf Berserker, began the quest for the Orb.
     0 | D:1      | Reached XP level 1. HP: 20/20 MP: 1/1
   182 | D:2      | Reached XP level 2. HP: 22/27 MP: 2/2
   221 | D:3      | Noticed an ogre
   240 | D:3      | Noticed Grinder
   258 | D:3      | Paralysed by Grinder for 7 turns
   274 | D:3      | Killed Grinder
   274 | D:3      | Reached skill level 5 in Axes
   274 | D:3      | Reached XP level 3. HP: 33/33 MP: 3/3
   274 | D:3      | Reached XP level 4. HP: 40/40 MP: 4/4
   274 | D:3      | Reached XP level 5. HP: 46/46 MP: 5/5
   287 | D:3      | Noticed Robin
   302 | D:3      | Killed Robin
   302 | D:3      | Reached skill level 6 in Axes
   327 | D:3      | Killed an ogre
   327 | D:3      | Reached XP level 6. HP: 36/55 MP: 6/6
   330 | D:3      | Acquired Trog's second power
   379 | D:3      | Found a glowing drain.
   400 | Sewer    | Entered a sewer
   525 | D:3      | Reached skill level 5 in Armour
   526 | D:3      | FUCL
   639 | D:4      | Reached skill level 7 in Axes
   691 | D:4      | Noticed Dowan
   692 | D:4      | Noticed Duvessa
   700 | D:4      | Killed Duvessa
   700 | D:4      | Reached XP level 7. HP: 59/61 MP: 7/7
   715 | D:4      | Killed Dowan
   743 | D:4      | Found a staircase to the Ecumenical Temple.
   805 | D:5      | Entered Level 5 of the Dungeon
   864 | D:6      | Found an opulent altar of Gozag.
   904 | D:5      | Reached skill level 8 in Axes
   941 | D:6      | Noticed Pikel
   951 | D:6      | Got a brightly glowing long sword
   977 | D:6      | Reached XP level 8. HP: 69/69 MP: 8/8
   982 | D:6      | Killed Pikel
   982 | D:6      | Reached skill level 9 in Axes
  1169 | D:7      | nice lab
  1176 | D:7      | Noticed Ijyb
  1184 | D:7      | Killed Ijyb
  1256 | D:10     | Entered Level 10 of the Dungeon
  1385 | D:11     | Reached skill level 10 in Axes
  1393 | D:11     | Gained mutation: You passively map the area around you. [level up]
  1393 | D:11     | Reached XP level 9. HP: 10/79 MP: 8/8
  1395 | D:11     | HP: 4/118 [poisoned by a killer bee]
  1397 | D:11     | Succumbed to a killer bee's poison

Action                   |  1- 3 |  4- 6 |  7- 9 || total
-------------------------+-------+-------+-------++-------
Melee: Hand axe          |    35 |       |       ||    35
       War axe           |    12 |   164 |   124 ||   300
Invok: Berserk           |     2 |     4 |     4 ||    10
       Trog's Hand       |       |     1 |     2 ||     3
 Abil: Device Recharging |       |       |     1 ||     1
Evoke: Wand              |     1 |     2 |     2 ||     5
  Use: Scroll            |     3 |       |       ||     3
  Eat: Chunk             |       |     5 |     6 ||    11
